Rocket vs Bears
Created - February 13, 2023 at 19:50
Goals
|
Rocket |
0 |
2 |
1 |
3 |
Bears |
1 |
0 |
0 |
1 |
|
Shots
|
Rocket |
8 |
17 |
5 |
30 |
Bears |
22 |
3 |
9 |
34 |
|
1st period
1. Bears , Nicolas Aube-Kubel 15 (Mike Hoffman 16) at 7:32
Penalties :
Karson Kuhlman (Lav) for Boarding (Minor) at 12:42
2nd period
2. Rocket , Karson Kuhlman 6 (Andrei Mironov 14) at 2:46
3. Rocket , Scott Wilson 13 (Peter Holland 25) at 7:05 (PP)
Penalties :
Kerby Rychel (Her) for Hooking (Minor) at 4:43, Jamie McGinn (Her) for Cross-checking (Minor) at 7:01, Dylan DeMelo (Lav) for Slashing (Minor) at 10:27, Dean Kukan (Lav) for Roughing (Minor) at 18:38
3rd period
4. Rocket , Danton Heinen 28 (Viktor Loov 19, Adrian Kempe 39) at 19:06 (Empty Net)
Penalties :
Sam Carrick (Her) for Hooking (Minor) at 12:21
Goalie Stats
Igor Shesterkin (Lav), 33 saves from 34 shots - (0.971), W, 19-8-4, 60:00 minutes
Jake Allen (Her), 27 saves from 29 shots - (0.931), L, 13-14-2, 59:41 minutes
Players Stats for Rocket
Player Name G A P +/- PIM S H SB GA TA FO MP PP MP PK MP
------------------------------------------------------------------------------------
Adam Fox 0 0 0 -1 0 1 2 2 0 0 0/0 25:38 2:37 2:16
Adrian Kempe 0 1 1 1 0 3 2 0 0 0 0/0 20:25 2:06 1:23
Andrei Mironov 0 1 1 1 0 1 1 2 1 4 0/0 13:54 0:00 2:16
Andrey Pedan 0 0 0 0 0 0 1 0 1 0 0/0 22:23 1:25 3:41
Brandon Pirri 0 0 0 -1 0 3 1 1 1 0 0/0 15:47 1:56 0:00
Corey Trivino 0 0 0 1 0 1 1 0 0 0 11/24 20:37 2:06 2:25
Danton Heinen 1 0 1 1 0 4 1 1 0 0 0/0 18:40 2:06 0:00
Dean Kukan 0 0 0 1 2 0 2 0 1 0 0/0 19:22 0:00 2:10
Dominic Turgeon 0 0 0 0 0 1 1 1 0 0 0/4 11:50 0:00 0:14
Dylan DeMelo 0 0 0 1 2 0 0 2 1 2 0/0 14:54 1:25 1:31
Jiri Sekac 0 0 0 0 0 4 1 0 0 2 0/0 14:24 0:00 3:26
Karson Kuhlman 1 0 1 1 2 4 0 3 0 2 0/1 9:11 0:00 0:00
Kole Sherwood 0 0 0 0 0 0 2 0 0 0 0/0 10:41 0:00 0:00
Peter Holland 0 1 1 -1 0 3 0 1 1 0 9/18 19:11 1:56 3:18
Scott Wilson 1 0 1 -1 0 3 1 0 0 1 0/0 15:26 1:56 0:00
Sergey Tolchinsky 0 0 0 1 0 1 1 1 0 0 0/0 8:16 0:00 0:00
Ty Rattie 0 0 0 1 0 0 2 0 0 0 0/0 9:24 0:00 1:08
Viktor Loov 0 1 1 0 0 1 1 0 0 0 0/0 23:57 2:37 0:00
Players Stats for Bears
Player Name G A P +/- PIM S H SB GA TA FO MP PP MP PK MP
------------------------------------------------------------------------------------
A.J. Jenks 0 0 0 0 0 4 0 1 1 0 0/0 17:52 2:15 1:47
Angelo Esposito 0 0 0 0 0 0 0 0 0 1 4/5 12:50 0:00 1:18
Austin Wuthrich 0 0 0 0 0 2 2 0 1 0 0/0 9:49 0:26 0:00
Derek Forbort 0 0 0 -1 0 0 1 1 0 1 0/0 25:23 2:33 2:26
Gianluca Curcuruto 0 0 0 0 0 1 1 0 0 1 0/0 12:47 0:10 0:00
Jamie McGinn 0 0 0 -1 2 5 2 0 2 0 0/0 11:06 0:36 1:07
Joey Laleggia 0 0 0 -1 0 0 1 0 1 0 0/0 25:18 2:33 2:26
Joshua Leivo 0 0 0 0 0 0 4 0 1 0 0/0 17:06 2:15 0:30
Kerby Rychel 0 0 0 0 2 4 2 0 1 0 2/3 19:12 3:06 0:02
Max Friberg 0 0 0 -1 0 3 0 0 0 0 2/4 21:03 3:16 2:14
Michael Prapavessis 0 0 0 0 0 0 0 1 0 1 0/0 12:47 0:10 0:00
Mike Hoffman 0 1 1 0 0 0 1 2 0 1 1/1 10:37 0:00 0:00
Mikko Vainonen 0 0 0 0 0 2 0 1 1 1 0/0 21:50 3:14 1:36
Nicolas Aube-Kubel 1 0 1 0 0 7 3 0 1 0 0/1 13:06 0:36 0:00
Sam Carrick 0 0 0 -1 2 2 1 1 0 0 13/22 20:17 3:06 1:06
Tommy Vannelli 0 0 0 0 0 1 2 2 1 0 0/0 21:50 3:14 1:36
Vincent Dunn 0 0 0 0 0 1 0 0 0 0 1/4 6:37 0:00 0:00
Zach Stepan 0 0 0 0 0 2 1 1 1 0 4/7 16:25 2:15 0:00
3 Stars
1 - Igor Shesterkin (Lav)
2 - Danton Heinen (Lav)
3 - Karson Kuhlman (Lav)
Power Play
Rocket - 1 on 3 Attempt(s) - 33.33%
Bears - 0 on 3 Attempt(s) - 0.00%
Penalty Kill
Rocket - 3 on 3 Attempt(s) - 100.00%
- Score 0 goal in Penalty Kill
Bears - 2 on 3 Attempt(s) - 66.67%
- Score 0 goal in Penalty Kill
Team Stat
Rocket - Hits : 20 - Faceoff Wins : 20 - Blocked Shots : 14 - Penalty Minutes : 6
Bears - Hits : 21 - Faceoff Wins : 27 - Blocked Shots : 10 - Penalty Minutes : 6
Official
Referees : TJ Luxmore and Ghislain Hebert
Linesman : Brad Kovachik and Tony Sericolo
Game Notes
Danton Heinen has scored in a empty net!
Finance
Level 1 -- Attendance: 1760 (88.00%) -- Ticket Income $61,600
Level 2 -- Attendance: 1000 (100.00%) -- Ticket Income $15,000
Total Attendance: 2760 (92.00%)
Total Ticket Income: $76,600
Other Income: $3,830
Total Income: $80,430
Rocket
5 vs 5 Forward
Center Left Wing Right Wing Time % Phy DF OF
1 Corey Trivino Adrian Kempe Danton Heinen 40 0 2 3
2 Peter Holland Brandon Pirri Scott Wilson 30 0 2 3
3 Dominic Turgeon Jiri Sekac Kole Sherwood 20 0 2 3
4 Karson Kuhlman Sergey Tolchinsky Ty Rattie 10 0 2 3
5 vs 5 Defense
Defense Defense Time % Phy DF OF
1 Viktor Loov Adam Fox 40 0 2 3
2 Dean Kukan Andrey Pedan 30 0 2 3
3 Dylan DeMelo Andrei Mironov 20 0 2 3
4 Adam Fox Viktor Loov 10 0 2 3
PowerPlay Forward
Center Left Wing Right Wing Time % Phy DF OF
1 Corey Trivino Adrian Kempe Danton Heinen 60 0 1 4
2 Peter Holland Brandon Pirri Scott Wilson 40 0 1 4
PowerPlay Defense
Defense Defense Time % Phy DF OF
1 Viktor Loov Adam Fox 60 0 2 3
2 Dylan DeMelo Andrey Pedan 40 0 2 3
Penalty Kill 4 Players Forward
Center Wing Time % Phy DF OF
1 Peter Holland Jiri Sekac 60 0 4 1
2 Corey Trivino Ty Rattie 40 0 4 1
Penalty Kill 4 Players Defense
Defense Defense Time % Phy DF OF
1 Andrey Pedan Dean Kukan 60 0 4 1
2 Adam Fox Andrei Mironov 40 0 4 1
Penalty Kill - 3 Players Forward
Forward Time % Phy DF OF
1 Karson Kuhlman 60 0 5 0
2 Dominic Turgeon 40 0 5 0
Penalty Kill - 3 Players Defense
Defense Defense Time % Phy DF OF
1 Viktor Loov Dean Kukan 60 0 5 0
2 Adam Fox Andrey Pedan 40 0 5 0
4 vs 4 Forward
Center Wing Time % Phy DF OF
1 Dominic Turgeon Jiri Sekac 60 0 2 3
2 Karson Kuhlman Sergey Tolchinsky 40 0 2 3
4 vs 4 Defense
Defense Defense Time % Phy DF OF
1 Andrei Mironov Dean Kukan 60 0 2 3
2 Dylan DeMelo Andrey Pedan 40 0 2 3
Last Minutes Offensive
Center Left Wing Right Wing Defense Defense
Corey Trivino Adrian Kempe Danton Heinen Viktor Loov Adam Fox
Last Minutes Defensive
Center Left Wing Right Wing Defense Defense
Corey Trivino Adrian Kempe Danton Heinen Viktor Loov Dean Kukan
Goaltenders
Starting : Igor Shesterkin
Backup : Eamon McAdam
Extra Forwards
Normal : Danton Heinen, Adrian Kempe, Brandon Pirri - PP : Danton Heinen, Adrian Kempe - PK : Jiri Sekac
Extra Defensemen
Normal : Adam Fox, Viktor Loov, Dean Kukan - PP : Adam Fox - PK : Dylan DeMelo, Andrei Mironov
Penalty Shots
Adrian Kempe, Danton Heinen, Brandon Pirri, Corey Trivino, Peter Holland
Scratches
Branden Troock (Healthy), Dalton Smith (Healthy), Daniel Sprong (Healthy), Reese Johnson (Healthy), Guillaume Brisebois (Healthy)
Jack Glover (Healthy), Jakub Vrana (Healthy), Mason Appleton (Healthy), Ryan Collins (Healthy), Tyler Lewington (Healthy)
MacKenzie Entwistle (Healthy), Luke Kunin (Healthy), Mikhail Maltsev (Healthy)
Bears
5 vs 5 Forward
Center Left Wing Right Wing Time % Phy DF OF
1 Sam Carrick Kerby Rychel Max Friberg 40 0 0 5
2 Zach Stepan A.J. Jenks Joshua Leivo 30 0 0 5
3 Angelo Esposito Mike Hoffman Nicolas Aube-Kubel 20 0 1 4
4 Vincent Dunn Jamie McGinn Austin Wuthrich 10 0 2 3
5 vs 5 Defense
Defense Defense Time % Phy DF OF
1 Joey Laleggia Derek Forbort 40 0 2 3
2 Mikko Vainonen Tommy Vannelli 30 0 3 2
3 Gianluca Curcuruto Michael Prapavessis 20 0 4 1
4 Joey Laleggia Derek Forbort 10 0 3 2
PowerPlay Forward
Center Left Wing Right Wing Time % Phy DF OF
1 Sam Carrick Kerby Rychel Max Friberg 60 0 0 5
2 Zach Stepan A.J. Jenks Joshua Leivo 40 0 0 5
PowerPlay Defense
Defense Defense Time % Phy DF OF
1 Joey Laleggia Derek Forbort 60 0 1 4
2 Mikko Vainonen Tommy Vannelli 40 0 2 3
Penalty Kill 4 Players Forward
Center Wing Time % Phy DF OF
1 Max Friberg Sam Carrick 60 0 3 2
2 Joshua Leivo Kerby Rychel 40 0 4 1
Penalty Kill 4 Players Defense
Defense Defense Time % Phy DF OF
1 Joey Laleggia Derek Forbort 60 0 4 1
2 Mikko Vainonen Tommy Vannelli 40 0 5 0
Penalty Kill - 3 Players Forward
Forward Time % Phy DF OF
1 Max Friberg 60 0 5 0
2 Sam Carrick 40 0 5 0
Penalty Kill - 3 Players Defense
Defense Defense Time % Phy DF OF
1 Joey Laleggia Derek Forbort 60 0 5 0
2 Mikko Vainonen Tommy Vannelli 40 0 5 0
4 vs 4 Forward
Center Wing Time % Phy DF OF
1 Max Friberg Sam Carrick 60 0 0 5
2 Joshua Leivo Kerby Rychel 40 0 0 5
4 vs 4 Defense
Defense Defense Time % Phy DF OF
1 Joey Laleggia Derek Forbort 60 0 2 3
2 Mikko Vainonen Tommy Vannelli 40 0 3 2
Last Minutes Offensive
Center Left Wing Right Wing Defense Defense
Sam Carrick Kerby Rychel Max Friberg Joey Laleggia Derek Forbort
Last Minutes Defensive
Center Left Wing Right Wing Defense Defense
Sam Carrick Kerby Rychel Max Friberg Joey Laleggia Derek Forbort
Goaltenders
Starting : Jake Allen
Backup : Sami Aittokallio
Extra Forwards
Normal : Max Friberg, Nicolas Aube-Kubel, Sam Carrick - PP : Max Friberg, Nicolas Aube-Kubel - PK : Max Friberg
Extra Defensemen
Normal : Joey Laleggia, Derek Forbort, Mikko Vainonen - PP : Tommy Vannelli - PK : Gianluca Curcuruto, Michael Prapavessis
Penalty Shots
Joshua Leivo, Nicolas Aube-Kubel, A.J. Jenks, Max Friberg, Kerby Rychel
Scratches
Brett Bulmer (Healthy), Colby Cave (Healthy), Emil Johansson (Healthy), Jesper Pettersson (Healthy), David Farrance (Healthy)
Mackenze Stewart (Healthy), Zack Hayes (Healthy), Jacob Bryson (Healthy), Mario Ferraro (Healthy), Will Reilly (Healthy)
Kristians Rubins (Healthy), Nikolay Prokhorkin (Healthy), Ryan Graves (Healthy), Isaac Ratcliffe (Healthy), Cole Smith (Healthy)
Warren Foegele (Healthy), Logan O'Connor (Healthy), Nicholas Caamano (Healthy), Jakob Stenqvist (Healthy), Arvid Henrikson (Healthy)
Kirill Maksimov (Healthy)
% Time on Ice - Rocket
Lines # - Real PCT - Wanted PCT - Time Play
Normal Forward
1 - 33% - 40% - 16:40
2 - 29% - 30% - 14:13
3 - 21% - 20% - 10:41
4 - 17% - 10% - 8:16
Normal Defense
1 - 41% - 40% - 20:12
2 - 31% - 30% - 15:39
3 - 23% - 20% - 11:32
4 - 5% - 10% - 2:27
PP Forward
1 - 52% - 60% - 2:06
2 - 48% - 40% - 1:56
PP Defense
1 - 65% - 60% - 2:37
2 - 35% - 40% - 1:25
PK Forward
1 - 81% - 60% - 4:49
2 - 19% - 40% - 1:08
PK Defense
1 - 62% - 60% - 3:41
2 - 38% - 40% - 2:16
PK3 Forward
1 - 0% - 60%
2 - 0% - 40%
PK3 Defense
1 - 0% - 60%
2 - 0% - 40%
44 Forward
1 - 0% - 60%
2 - 0% - 40%
44 Defense
1 - 0% - 60%
2 - 0% - 40%
Last Minute Offensive - 0:00
Last Minute Defensive - 0:11
Total
Forward - 60:00
Defense - 60:00
|
% Time on Ice - Bears
Lines # - Real PCT - Wanted PCT - Time Play
Normal Forward
1 - 33% - 40% - 16:30
2 - 32% - 30% - 16:03
3 - 21% - 20% - 10:30
4 - 13% - 10% - 6:37
Normal Defense
1 - 37% - 40% - 18:34
2 - 34% - 30% - 17:00
3 - 25% - 20% - 12:34
4 - 3% - 10% - 1:32
PP Forward
1 - 62% - 60% - 3:42
2 - 38% - 40% - 2:15
PP Defense
1 - 46% - 60% - 2:43
2 - 54% - 40% - 3:14
PK Forward
1 - 88% - 60% - 3:32
2 - 12% - 40% - 0:30
PK Defense
1 - 60% - 60% - 2:26
2 - 40% - 40% - 1:36
PK3 Forward
1 - 0% - 60%
2 - 0% - 40%
PK3 Defense
1 - 0% - 60%
2 - 0% - 40%
44 Forward
1 - 0% - 60%
2 - 0% - 40%
44 Defense
1 - 0% - 60%
2 - 0% - 40%
Last Minute Offensive - 0:21
Last Minute Defensive - 0:00
Total
Forward - 60:00
Defense - 60:00
|
Play-by-Play
1st period
0:01 of 1st period - Corey Trivino wins face-off versus Sam Carrick in neutral zone.
0:48 of 1st period - Snap shot by Brandon Pirri.
0:48 of 1st period - Stopped by Jake Allen with a rebound.
0:54 of 1st period - Wrist shot by A.J. Jenks.
0:54 of 1st period - Shot Blocked by Dylan DeMelo.
0:58 of 1st period - Wrist shot by A.J. Jenks.
0:58 of 1st period - Shot Blocked by Brandon Pirri.
1:34 of 1st period - Vincent Dunn is hit by Viktor Loov and loses puck.
1:55 of 1st period - Wrist shot by A.J. Jenks.
1:55 of 1st period - Stopped by Igor Shesterkin without a rebound.
1:56 of 1st period - Zach Stepan wins face-off versus Peter Holland in Rocket zone.
3:05 of 1st period - Ty Rattie is hit by Joshua Leivo and loses puck.
3:12 of 1st period - Joey Laleggia is hit by Sergey Tolchinsky and loses puck.
3:25 of 1st period - Joey Laleggia is hit by Danton Heinen and loses puck.
4:04 of 1st period - Snap shot by Max Friberg.
4:04 of 1st period - Stopped by Igor Shesterkin without a rebound.
4:05 of 1st period - Angelo Esposito wins face-off versus Dominic Turgeon in Rocket zone.
4:08 of 1st period - Wrist shot by Nicolas Aube-Kubel.
4:08 of 1st period - Shot Misses the Net.
4:10 of 1st period - Snap shot by Tommy Vannelli.
4:10 of 1st period - Stopped by Igor Shesterkin with a rebound.
4:20 of 1st period - Wrist shot by Nicolas Aube-Kubel.
4:20 of 1st period - Shot Misses the Net.
4:30 of 1st period - Sam Carrick is hit by Scott Wilson and loses puck.
4:41 of 1st period - Slapshot by Brandon Pirri.
4:41 of 1st period - Shot Misses the Net.
4:59 of 1st period - Icing by Jamie McGinn.
5:00 of 1st period - Vincent Dunn wins face-off versus Corey Trivino in Bears zone.
5:33 of 1st period - Snap shot by Kerby Rychel.
5:33 of 1st period - Stopped by Igor Shesterkin with a rebound.
6:27 of 1st period - Snap shot by Zach Stepan.
6:27 of 1st period - Shot Misses the Net.
6:29 of 1st period - Snap shot by Zach Stepan.
6:29 of 1st period - Stopped by Igor Shesterkin with a rebound.
6:31 of 1st period - Snap shot by Zach Stepan.
6:31 of 1st period - Shot Blocked by Karson Kuhlman.
6:33 of 1st period - Slapshot by Joey Laleggia.
6:33 of 1st period - Shot Blocked by Karson Kuhlman.
6:41 of 1st period - Backhand shot by Joshua Leivo.
6:41 of 1st period - Deflect By A.J. Jenks.
6:41 of 1st period - Shot Misses the Net.
6:41 of 1st period - Puck is out of play.
6:42 of 1st period - Kerby Rychel wins face-off versus Peter Holland in Rocket zone.
6:45 of 1st period - Snap shot by Kerby Rychel.
6:45 of 1st period - Stopped by Igor Shesterkin without a rebound.
6:46 of 1st period - Sam Carrick wins face-off versus Peter Holland in Rocket zone.
6:51 of 1st period - Snap shot by Sam Carrick.
6:51 of 1st period - Stopped by Igor Shesterkin with a rebound.
6:53 of 1st period - Slapshot by Max Friberg.
6:53 of 1st period - Deflect By Kerby Rychel.
6:53 of 1st period - Shot Misses the Net.
6:53 of 1st period - Puck is out of play.
6:54 of 1st period - Corey Trivino wins face-off versus Sam Carrick in Rocket zone.
6:59 of 1st period - Snap shot by Adrian Kempe.
6:59 of 1st period - Stopped by Jake Allen with a rebound.
7:18 of 1st period - Icing by Corey Trivino.
7:19 of 1st period - Mike Hoffman wins face-off versus Peter Holland in Rocket zone.
7:32 of 1st period - Snap shot by Nicolas Aube-Kubel.
7:32 of 1st period - Goal by Nicolas Aube-Kubel - Rocket : 0 - Bears : 1.
7:33 of 1st period - Corey Trivino wins face-off versus Sam Carrick in neutral zone.
8:09 of 1st period - Slapshot by Nicolas Aube-Kubel.
8:09 of 1st period - Stopped by Igor Shesterkin without a rebound.
8:10 of 1st period - Peter Holland wins face-off versus Nicolas Aube-Kubel in Rocket zone.
8:21 of 1st period - Peter Holland is hit by Mike Hoffman and loses puck.
8:36 of 1st period - Kerby Rychel is hit by Adrian Kempe and loses puck.
8:59 of 1st period - Wrist shot by Jamie McGinn.
8:59 of 1st period - Stopped by Igor Shesterkin with a rebound.
9:01 of 1st period - Snap shot by Jamie McGinn.
9:01 of 1st period - Stopped by Igor Shesterkin without a rebound.
9:02 of 1st period - Peter Holland wins face-off versus Vincent Dunn in Rocket zone.
9:02 of 1st period - Peter Holland is hit by Jamie McGinn.
9:18 of 1st period - Snap shot by Peter Holland.
9:18 of 1st period - Stopped by Jake Allen with a rebound.
9:54 of 1st period - Snap shot by Sergey Tolchinsky.
9:54 of 1st period - Shot Blocked by A.J. Jenks.
9:56 of 1st period - Slapshot by Andrei Mironov.
9:56 of 1st period - Stopped by Jake Allen without a rebound.
9:57 of 1st period - Sam Carrick wins face-off versus Corey Trivino in Bears zone.
10:36 of 1st period - Snap shot by A.J. Jenks.
10:36 of 1st period - Stopped by Igor Shesterkin with a rebound.
10:46 of 1st period - Mike Hoffman is hit by Kole Sherwood and loses puck.
10:51 of 1st period - Slapshot by Jiri Sekac.
10:51 of 1st period - Shot Blocked by Mike Hoffman.
10:53 of 1st period - Wrist shot by Adam Fox.
10:53 of 1st period - Shot Misses the Net.
10:55 of 1st period - Wrist shot by Jiri Sekac.
10:55 of 1st period - Shot Misses the Net.
11:13 of 1st period - Snap shot by Austin Wuthrich.
11:13 of 1st period - Stopped by Igor Shesterkin without a rebound.
11:14 of 1st period - Corey Trivino wins face-off versus Vincent Dunn in Rocket zone.
11:26 of 1st period - Adrian Kempe is hit by Jamie McGinn and loses puck.
12:09 of 1st period - Wrist shot by Dominic Turgeon.
12:09 of 1st period - Stopped by Jake Allen with a rebound.
12:11 of 1st period - Slapshot by Kole Sherwood.
12:11 of 1st period - Shot Misses the Net.
12:21 of 1st period - Snap shot by Adrian Kempe.
12:21 of 1st period - Shot Misses the Net.
12:42 of 1st period - Minor Penalty to Karson Kuhlman for Boarding.
12:43 of 1st period - Peter Holland wins face-off versus Sam Carrick in Rocket zone.
13:32 of 1st period - Wrist shot by Corey Trivino.
13:32 of 1st period - Stopped by Jake Allen with a rebound.
13:42 of 1st period - Mikko Vainonen is hit by Ty Rattie and loses puck.
14:19 of 1st period - Corey Trivino is hit by Nicolas Aube-Kubel and loses puck.
14:42 of 1st period - Penalty to Karson Kuhlman is over, Karson Kuhlman is back on ice.
14:45 of 1st period - Adrian Kempe is hit by Austin Wuthrich and loses puck.
15:02 of 1st period - Wrist shot by Austin Wuthrich.
15:02 of 1st period - Shot Misses the Net.
15:04 of 1st period - Slapshot by Nicolas Aube-Kubel.
15:04 of 1st period - Shot Misses the Net.
15:17 of 1st period - Slapshot by Nicolas Aube-Kubel.
15:17 of 1st period - Stopped by Igor Shesterkin with a rebound.
15:23 of 1st period - Snap shot by Austin Wuthrich.
15:23 of 1st period - Stopped by Igor Shesterkin with a rebound.
15:46 of 1st period - Snap shot by Nicolas Aube-Kubel.
15:46 of 1st period - Shot Misses the Net.
15:48 of 1st period - Snap shot by Tommy Vannelli.
15:48 of 1st period - Shot Blocked by Adam Fox.
15:50 of 1st period - Slapshot by Mikko Vainonen.
15:50 of 1st period - Deflect By Adam Fox.
15:50 of 1st period - Stopped by Igor Shesterkin with a rebound.
15:52 of 1st period - Slapshot by Mikko Vainonen.
15:52 of 1st period - Shot Misses the Net.
15:54 of 1st period - Snap shot by Austin Wuthrich.
15:54 of 1st period - Shot Blocked by Dominic Turgeon.
15:56 of 1st period - Slapshot by Jamie McGinn.
15:56 of 1st period - Shot Misses the Net.
15:58 of 1st period - Wrist shot by Jamie McGinn.
15:58 of 1st period - Shot Misses the Net.
16:00 of 1st period - Slapshot by Jamie McGinn.
16:00 of 1st period - Shot Blocked by Karson Kuhlman.
16:02 of 1st period - Wrist shot by Jamie McGinn.
16:02 of 1st period - Shot Hit the Post.
16:04 of 1st period - Snap shot by Nicolas Aube-Kubel.
16:04 of 1st period - Stopped by Igor Shesterkin with a rebound.
16:06 of 1st period - Wrist shot by Nicolas Aube-Kubel.
16:06 of 1st period - Deflect By Adam Fox.
16:06 of 1st period - Stopped by Igor Shesterkin with a rebound.
16:10 of 1st period - Wrist shot by Nicolas Aube-Kubel.
16:10 of 1st period - Stopped by Igor Shesterkin with a rebound.
16:12 of 1st period - Slapshot by Tommy Vannelli.
16:12 of 1st period - Shot Blocked by Adam Fox.
16:14 of 1st period - Slapshot by Jamie McGinn.
16:14 of 1st period - Stopped by Igor Shesterkin without a rebound.
16:15 of 1st period - Peter Holland wins face-off versus Zach Stepan in Rocket zone.
16:20 of 1st period - Dylan DeMelo is hit by Joshua Leivo and loses puck.
16:29 of 1st period - Backhand shot by A.J. Jenks.
16:29 of 1st period - Stopped by Igor Shesterkin with a rebound.
16:31 of 1st period - Wrist shot by Zach Stepan.
16:31 of 1st period - Stopped by Igor Shesterkin with a rebound.
16:59 of 1st period - Slapshot by Peter Holland.
16:59 of 1st period - Stopped by Jake Allen with a rebound.
17:21 of 1st period - Wrist shot by Danton Heinen.
17:21 of 1st period - Shot Blocked by Zach Stepan.
17:23 of 1st period - Snap shot by Jiri Sekac.
17:23 of 1st period - Stopped by Jake Allen with a rebound.
17:25 of 1st period - Slapshot by Dylan DeMelo.
17:25 of 1st period - Shot Misses the Net.
Goals for this period are 0 for Rocket vs 1 for Bears.
Shots for this period are 8 for Rocket vs 22 for Bears.
2nd period
0:01 of 2nd period - Sam Carrick wins face-off versus Corey Trivino in neutral zone.
0:24 of 2nd period - Icing by Adrian Kempe.
0:25 of 2nd period - Corey Trivino wins face-off versus Angelo Esposito in Rocket zone.
0:34 of 2nd period - Wrist shot by Scott Wilson.
0:34 of 2nd period - Deflect By Nicolas Aube-Kubel.
0:34 of 2nd period - Stopped by Jake Allen without a rebound.
0:35 of 2nd period - Peter Holland wins face-off versus Sam Carrick in Bears zone.
0:46 of 2nd period - Snap shot by Peter Holland.
0:46 of 2nd period - Stopped by Jake Allen with a rebound.
0:48 of 2nd period - Snap shot by Adam Fox.
0:48 of 2nd period - Shot Blocked by Tommy Vannelli.
0:50 of 2nd period - Snap shot by Peter Holland.
0:50 of 2nd period - Shot Blocked by Tommy Vannelli.
0:52 of 2nd period - Slapshot by Adam Fox.
0:52 of 2nd period - Shot Blocked by Mikko Vainonen.
0:54 of 2nd period - Slapshot by Peter Holland.
0:54 of 2nd period - Shot Misses the Net.
0:56 of 2nd period - Slapshot by Peter Holland.
0:56 of 2nd period - Deflect By Scott Wilson.
0:56 of 2nd period - Stopped by Jake Allen with a rebound.
1:48 of 2nd period - Adam Fox is hit by Derek Forbort and loses puck.
1:55 of 2nd period - Snap shot by Vincent Dunn.
1:55 of 2nd period - Stopped by Igor Shesterkin with a rebound.
1:57 of 2nd period - Wrist shot by Jamie McGinn.
1:57 of 2nd period - Stopped by Igor Shesterkin without a rebound.
1:58 of 2nd period - Sam Carrick wins face-off versus Corey Trivino in Rocket zone.
2:05 of 2nd period - Wrist shot by Kerby Rychel.
2:05 of 2nd period - Shot Hit the Post.
2:13 of 2nd period - Slapshot by Danton Heinen.
2:13 of 2nd period - Stopped by Jake Allen with a rebound.
2:23 of 2nd period - Peter Holland is hit by Tommy Vannelli and loses puck.
2:46 of 2nd period - Wrist shot by Karson Kuhlman.
2:46 of 2nd period - Goal by Karson Kuhlman - Rocket : 1 - Bears : 1.
2:47 of 2nd period - Sam Carrick wins face-off versus Corey Trivino in neutral zone.
2:50 of 2nd period - Adam Fox is hit by Kerby Rychel and loses puck.
3:42 of 2nd period - Slapshot by Kole Sherwood.
3:42 of 2nd period - Shot Misses the Net.
3:44 of 2nd period - Slapshot by Adam Fox.
3:44 of 2nd period - Stopped by Jake Allen with a rebound.
3:46 of 2nd period - Snap shot by Viktor Loov.
3:46 of 2nd period - Stopped by Jake Allen with a rebound.
3:48 of 2nd period - Slapshot by Jiri Sekac.
3:48 of 2nd period - Stopped by Jake Allen with a rebound.
4:04 of 2nd period - Snap shot by Sergey Tolchinsky.
4:04 of 2nd period - Stopped by Jake Allen with a rebound.
4:10 of 2nd period - Karson Kuhlman is hit by Tommy Vannelli and loses puck.
4:27 of 2nd period - Wrist shot by Danton Heinen.
4:27 of 2nd period - Shot Misses the Net.
4:29 of 2nd period - Snap shot by Danton Heinen.
4:29 of 2nd period - Stopped by Jake Allen without a rebound.
4:30 of 2nd period - Sam Carrick wins face-off versus Corey Trivino in Bears zone.
4:35 of 2nd period - Dean Kukan is hit by Kerby Rychel and loses puck.
4:43 of 2nd period - Minor Penalty to Kerby Rychel for Hooking.
4:44 of 2nd period - Corey Trivino wins face-off versus Max Friberg in Bears zone.
4:44 of 2nd period - Backhand shot by Danton Heinen.
4:44 of 2nd period - Shot Misses the Net.
4:51 of 2nd period - Icing by Adam Fox.
4:52 of 2nd period - Sam Carrick wins face-off versus Corey Trivino in Rocket zone.
6:43 of 2nd period - Penalty to Kerby Rychel is over, Kerby Rychel is back on ice.
7:01 of 2nd period - Minor Penalty to Jamie McGinn for Cross-checking.
7:02 of 2nd period - Peter Holland wins face-off versus Sam Carrick in Bears zone.
7:05 of 2nd period - Slapshot by Scott Wilson.
7:05 of 2nd period - Goal by Scott Wilson - Rocket : 2 - Bears : 1.
7:06 of 2nd period - Corey Trivino wins face-off versus Kerby Rychel in neutral zone.
7:31 of 2nd period - Joey Laleggia is hit by Brandon Pirri and loses puck.
7:50 of 2nd period - Mikko Vainonen is hit by Adam Fox and loses puck.
8:30 of 2nd period - Karson Kuhlman is hit by Joshua Leivo.
8:56 of 2nd period - Andrey Pedan is hit by Sam Carrick.
9:14 of 2nd period - Snap shot by Brandon Pirri.
9:14 of 2nd period - Stopped by Jake Allen with a rebound.
10:09 of 2nd period - Adrian Kempe is hit by Nicolas Aube-Kubel and loses puck.
10:14 of 2nd period - Wrist shot by Nicolas Aube-Kubel.
10:14 of 2nd period - Stopped by Igor Shesterkin with a rebound.
10:16 of 2nd period - Slapshot by Tommy Vannelli.
10:16 of 2nd period - Shot Blocked by Dylan DeMelo.
10:18 of 2nd period - Backhand shot by Mike Hoffman.
10:18 of 2nd period - Shot Blocked by Danton Heinen.
10:27 of 2nd period - Minor Penalty to Dylan DeMelo for Slashing.
10:28 of 2nd period - Sam Carrick wins face-off versus Peter Holland in Rocket zone.
12:12 of 2nd period - Dean Kukan is hit by Joshua Leivo and loses puck.
12:27 of 2nd period - Penalty to Dylan DeMelo is over, Dylan DeMelo is back on ice.
13:01 of 2nd period - Brandon Pirri is hit by Gianluca Curcuruto and loses puck.
13:18 of 2nd period - Tommy Vannelli is hit by Jiri Sekac and loses puck.
14:23 of 2nd period - Wrist shot by Karson Kuhlman.
14:23 of 2nd period - Stopped by Jake Allen with a rebound.
14:49 of 2nd period - Icing by Brandon Pirri.
14:50 of 2nd period - Angelo Esposito wins face-off versus Peter Holland in Rocket zone.
14:57 of 2nd period - Snap shot by Brandon Pirri.
14:57 of 2nd period - Stopped by Jake Allen without a rebound.
14:58 of 2nd period - Sam Carrick wins face-off versus Corey Trivino in Bears zone.
14:58 of 2nd period - Sam Carrick is hit by Andrei Mironov.
16:13 of 2nd period - Wrist shot by Danton Heinen.
16:13 of 2nd period - Stopped by Jake Allen without a rebound.
16:14 of 2nd period - Peter Holland wins face-off versus Sam Carrick in Bears zone.
16:23 of 2nd period - Backhand shot by Peter Holland.
16:23 of 2nd period - Shot Blocked by Derek Forbort.
16:25 of 2nd period - Snap shot by Brandon Pirri.
16:25 of 2nd period - Shot Blocked by Sam Carrick.
17:46 of 2nd period - Kole Sherwood is hit by Joey Laleggia and loses puck.
18:06 of 2nd period - Snap shot by Sergey Tolchinsky.
18:06 of 2nd period - Shot Blocked by Mike Hoffman.
18:08 of 2nd period - Snap shot by Karson Kuhlman.
18:08 of 2nd period - Stopped by Jake Allen with a rebound.
18:10 of 2nd period - Snap shot by Karson Kuhlman.
18:10 of 2nd period - Stopped by Jake Allen with a rebound.
18:24 of 2nd period - Wrist shot by A.J. Jenks.
18:24 of 2nd period - Shot Misses the Net.
18:38 of 2nd period - Minor Penalty to Dean Kukan for Roughing.
18:39 of 2nd period - Sam Carrick wins face-off versus Peter Holland in Rocket zone.
Goals for this period are 2 for Rocket vs 0 for Bears.
Shots for this period are 17 for Rocket vs 3 for Bears.
3rd period
0:01 of 3rd period - Peter Holland wins face-off versus Sam Carrick in neutral zone.
0:38 of 3rd period - Penalty to Dean Kukan is over, Dean Kukan is back on ice.
1:09 of 3rd period - Icing by Viktor Loov.
1:10 of 3rd period - Corey Trivino wins face-off versus Vincent Dunn in Rocket zone.
1:17 of 3rd period - Wrist shot by Austin Wuthrich.
1:17 of 3rd period - Shot Blocked by Sergey Tolchinsky.
1:19 of 3rd period - Snap shot by Jamie McGinn.
1:19 of 3rd period - Stopped by Igor Shesterkin without a rebound.
1:20 of 3rd period - Sam Carrick wins face-off versus Karson Kuhlman in Rocket zone.
1:23 of 3rd period - Wrist shot by Max Friberg.
1:23 of 3rd period - Stopped by Igor Shesterkin with a rebound.
1:25 of 3rd period - Wrist shot by Kerby Rychel.
1:25 of 3rd period - Shot Misses the Net.
1:39 of 3rd period - Snap shot by Sergey Tolchinsky.
1:39 of 3rd period - Shot Misses the Net.
1:45 of 3rd period - Max Friberg is hit by Ty Rattie.
1:55 of 3rd period - Slapshot by Kerby Rychel.
1:55 of 3rd period - Stopped by Igor Shesterkin without a rebound.
1:56 of 3rd period - Zach Stepan wins face-off versus Corey Trivino in Rocket zone.
2:21 of 3rd period - Mike Hoffman is hit by Dean Kukan and loses puck.
3:11 of 3rd period - Snap shot by Adrian Kempe.
3:11 of 3rd period - Stopped by Jake Allen with a rebound.
3:13 of 3rd period - Slapshot by Viktor Loov.
3:13 of 3rd period - Deflect By Corey Trivino.
3:13 of 3rd period - Shot Blocked by Michael Prapavessis.
3:13 of 3rd period - Puck is out of play.
3:14 of 3rd period - Peter Holland wins face-off versus Zach Stepan in Bears zone.
3:49 of 3rd period - Off-side.
3:50 of 3rd period - Max Friberg wins face-off versus Dominic Turgeon in neutral zone.
4:15 of 3rd period - Dean Kukan is hit by Zach Stepan.
5:27 of 3rd period - Wrist shot by Kerby Rychel.
5:27 of 3rd period - Stopped by Igor Shesterkin with a rebound.
5:29 of 3rd period - Slapshot by Gianluca Curcuruto.
5:29 of 3rd period - Stopped by Igor Shesterkin without a rebound.
5:30 of 3rd period - Zach Stepan wins face-off versus Corey Trivino in Rocket zone.
5:31 of 3rd period - Snap shot by Joshua Leivo.
5:31 of 3rd period - Deflect By A.J. Jenks.
5:31 of 3rd period - Stopped by Igor Shesterkin without a rebound.
5:32 of 3rd period - Corey Trivino wins face-off versus Zach Stepan in Rocket zone.
5:37 of 3rd period - Joshua Leivo is hit by Corey Trivino and loses puck.
6:20 of 3rd period - Snap shot by Jiri Sekac.
6:20 of 3rd period - Stopped by Jake Allen without a rebound.
6:21 of 3rd period - Angelo Esposito wins face-off versus Dominic Turgeon in Bears zone.
6:21 of 3rd period - Angelo Esposito is hit by Dominic Turgeon.
6:37 of 3rd period - Slapshot by Jiri Sekac.
6:37 of 3rd period - Stopped by Jake Allen without a rebound.
6:38 of 3rd period - Sam Carrick wins face-off versus Corey Trivino in Bears zone.
7:13 of 3rd period - Icing by Dean Kukan.
7:14 of 3rd period - Sam Carrick wins face-off versus Peter Holland in Rocket zone.
7:44 of 3rd period - Snap shot by Viktor Loov.
7:44 of 3rd period - Shot Misses the Net.
7:50 of 3rd period - Snap shot by A.J. Jenks.
7:50 of 3rd period - Shot Misses the Net.
9:36 of 3rd period - Jiri Sekac is hit by Nicolas Aube-Kubel and loses puck.
10:20 of 3rd period - Snap shot by Max Friberg.
10:20 of 3rd period - Stopped by Igor Shesterkin without a rebound.
10:21 of 3rd period - Max Friberg wins face-off versus Peter Holland in Rocket zone.
10:46 of 3rd period - Mikko Vainonen is hit by Adam Fox and loses puck.
11:15 of 3rd period - Snap shot by Adrian Kempe.
11:15 of 3rd period - Stopped by Jake Allen without a rebound.
11:16 of 3rd period - Zach Stepan wins face-off versus Corey Trivino in Bears zone.
11:16 of 3rd period - Zach Stepan is hit by Adrian Kempe.
11:24 of 3rd period - A.J. Jenks is hit by Dean Kukan and loses puck.
11:58 of 3rd period - Backhand shot by A.J. Jenks.
11:58 of 3rd period - Deflect By Joshua Leivo.
11:58 of 3rd period - Shot Misses the Net.
11:58 of 3rd period - Puck is out of play.
11:59 of 3rd period - Kerby Rychel wins face-off versus Corey Trivino in Rocket zone.
12:21 of 3rd period - Minor Penalty to Sam Carrick for Hooking.
12:22 of 3rd period - Corey Trivino wins face-off versus Max Friberg in Bears zone.
13:52 of 3rd period - Joey Laleggia is hit by Andrey Pedan and loses puck.
14:21 of 3rd period - Penalty to Sam Carrick is over, Sam Carrick is back on ice.
15:07 of 3rd period - Slapshot by Jiri Sekac.
15:07 of 3rd period - Shot Misses the Net.
17:13 of 3rd period - Joey Laleggia is hit by Kole Sherwood and loses puck.
18:47 of 3rd period - Bears, Jake Allen is pulled from the net.
18:51 of 3rd period - Wrist shot by Max Friberg.
18:51 of 3rd period - Shot Blocked by Andrei Mironov.
18:53 of 3rd period - Wrist shot by Sam Carrick.
18:53 of 3rd period - Shot Blocked by Andrei Mironov.
18:55 of 3rd period - Backhand shot by Sam Carrick.
18:55 of 3rd period - Stopped by Igor Shesterkin without a rebound.
18:56 of 3rd period - Gerard Gallant call a timeout for Bears.
18:56 of 3rd period - Corey Trivino wins face-off versus Sam Carrick in Rocket zone.
19:06 of 3rd period - Wrist shot by Danton Heinen.
19:06 of 3rd period - Goal by Danton Heinen - Rocket : 3 - Bears : 1.
19:06 of 3rd period - Jake Allen from Bears was sent back in the game.
19:07 of 3rd period - Angelo Esposito wins face-off versus Dominic Turgeon in neutral zone.
19:32 of 3rd period - Adam Fox is hit by Austin Wuthrich.
19:36 of 3rd period - Snap shot by Austin Wuthrich.
19:36 of 3rd period - Shot Misses the Net.
19:38 of 3rd period - Slapshot by Austin Wuthrich.
19:38 of 3rd period - Shot Misses the Net.
19:40 of 3rd period - Slapshot by Mikko Vainonen.
19:40 of 3rd period - Stopped by Igor Shesterkin with a rebound.
19:42 of 3rd period - Snap shot by Jamie McGinn.
19:42 of 3rd period - Shot Blocked by Peter Holland.
Goals for this period are 1 for Rocket vs 0 for Bears.
Shots for this period are 5 for Rocket vs 9 for Bears.